 Dungeon Crawl Stone Soup version 0.20.1-1-g8b1a95d (webtiles) character file.

1596 vineage the Shield-Bearer (level 8, -5/49 HPs)
             Began as a Gargoyle Fighter on Sept 21, 2017.
             Was a Follower of Okawaru.
             Slain by a two-headed ogre
             ... wielding a +0 giant spiked club
              (23 damage)
             ... on level 7 of the Dungeon.
             The game lasted 00:08:10 (5244 turns).

vineage the Shield-Bearer (Gargoyle Fighter)        Turns: 5244, Time: 00:08:11

Health: -5/49      AC: 18    Str: 23    XL:     8   Next: 93%
Magic:  2/2        EV:  7    Int: 11    God:    Okawaru [*.....]
Gold:   329        SH: 11    Dex:  9    Spells: 7/7 levels left

rFire    + . .     SeeInvis +   K - +1 spear "Xarit" {antimagic, rN++ MR- Int+3 SInv}
rCold    + . .     Gourm    .   c - +0 shield
rNeg     + + +     Faith    .   A - +1 chain mail {rF+}
rPois    ∞         Spirit   .   j - +0 helmet
rElec    +         Reflect  .   w - +0 cloak
rCorr    .         Harm     .   (no gloves)
MR       .....                  (no boots)
Stlth    ..........             u - amulet of regeneration
Regen    0.6/turn               x - ring of protection from cold
MPRegen  0.1/turn               z - ring of poison resistance

@: no status effects
A: negative energy resistance 1, electricity resistance, unbreathing,
petrification resistance, rot immunity, AC +5
a: Heroism, Renounce Religion


You were on level 7 of the Dungeon.
You worshipped Okawaru.
Okawaru was aware of your devotion.
You were not hungry.

You visited 2 branches of the dungeon, and saw 8 of its levels.

You collected 329 gold pieces.

Inventory:

Hand Weapons
 a - a +0 flail
 v - a +0 mace of draining
 K - the +1 spear "Xarit" (weapon) {antimagic, rN++ MR- Int+3 SInv}
   (You found it on level 7 of the Dungeon)

   It reduces the magical energy of the wielder, and disrupts the spells and
   magical abilities of those hit.
   Natural abilities and divine invocations are not affected.
   It affects your intelligence (+3).
   It greatly protects you from negative energy.
   It affects your resistance to hostile enchantments.
   It lets you see invisible.
Armour
 b - a +0 scale mail
 c - a +0 shield (worn)
 e - a +0 plate armour
 j - a +0 helmet (worn)
 w - a +0 cloak (worn)
 A - a +1 chain mail of fire resistance (worn)
Jewellery
 u - an amulet of regeneration (around neck)
 x - a ring of protection from cold (left hand)
 z - a ring of poison resistance (right hand)
 F - a cursed -5 ring of intelligence {unknown}
 J - a cursed -2 ring of dexterity {unknown}
Wands
 d - a wand of enslavement (1/24)
Scrolls
 g - 2 scrolls of teleportation
 h - 2 scrolls of blinking
 n - a scroll of recharging
 y - 2 scrolls of identify
 B - a scroll of vulnerability {unknown}
 D - a scroll of noise {unknown}
 G - a scroll of fog
 H - a scroll of magic mapping
Potions
 i - a potion of magic
 k - 2 potions of curing
 m - a potion of might
 p - a potion of invisibility
 r - 2 potions of brilliance
 s - a potion of haste
 t - a potion of berserk rage
 E - 2 potions of heal wounds {unknown}
Comestibles
 f - 4 bread rations
 o - 5 meat rations
 q - 3 royal jellies
 C - a fruit
 I - 4 chunks of flesh


   Skills:
 + Level 5.2 Fighting
 + Level 6.5 Maces & Flails
 + Level 5.6 Armour
 + Level 1.8 Dodging
 + Level 0.5 Stealth
 + Level 7.7 Shields


You had 7 spell levels left.
You didn't know any spells.

Dungeon Overview and Level Annotations

Branches:
Dungeon (7/15)             Temple (1/1) D:6

Altars:
Makhleb
Okawaru
Uskayaw
The Shining One


Innate Abilities, Weirdness & Mutations

You are resistant to torment.
Your stone body is resilient. (AC +5)
You are immune to poison.
You resist negative energy. (rN+)
You are resistant to electric shocks. (rElec)
You can survive without breathing.
You are immune to petrification.
You are immune to rotting.


Message History

No target in view!
No target in view!
No target in view!
No target in view!
No target in view!
No target in view!
You see here an adder corpse.
A two-headed ogre comes into view. It is wielding two giant spiked clubs.
The two-headed ogre shouts in stereo!
A two-headed ogre is nearby!
A two-headed ogre is nearby!
You hit the two-headed ogre.
The two-headed ogre is lightly wounded.
The two-headed ogre hits you with a giant spiked club!
The two-headed ogre barely misses you.
You barely miss the two-headed ogre. You block the two-headed ogre's attack.
The two-headed ogre closely misses you.
You barely miss the two-headed ogre.
The two-headed ogre hits you with a giant spiked club!! x2
You die...

#..##.# ..#
##.....####.# ## #..
##...#..# ##.
..###......## #...
#.........).##.# #...
#.##......)....##
#....#.##.......#......
#....#.###.....#.......
#........@O............
#....#.##........#.....
#.. #.##........#..##.
# #.###.......#.... ..
#.# ##..>#.##.##..#..
#.# ##..#.#..# #....
#.# ##.....# #..#. #.#
##..### ...#. #.# #..#
##.#.##


You could see a two-headed ogre.

Vanquished Creatures
  A steam dragon (D:7)
  The ghost of Monsterracer the Ruffian, an amateur BaTm (D:4)
  An ice beast (D:6)
  A sky beast (D:7)
  2 centaurs
  A bullfrog (D:6)
  A scorpion (D:5)
  A jelly (D:5)
  6 wights
  A howler monkey (D:5)
  A quasit (D:6)
  A centaur zombie (D:6)
  2 orc wizards
  An orc priest (D:3)
  Crazy Yiuf (D:3)
  2 hounds (D:4)
  An iguana (D:4)
  Jessica (D:3)
  Ijyb (D:3)
  3 worker ants
  8 adders
  2 oozes
  4 worms
  2 dart slugs
  6 leopard geckos
  10 orcs
  3 bats (D:1)
  4 giant cockroaches
  3 goblins
  10 hobgoblins
  9 jackals
  3 quokkas
  3 frilled lizards
  A giant cockroach zombie (D:5)
  6 kobolds
  A leopard gecko skeleton (D:6)
  2 quokka skeletons (D:5)
  5 rats
112 creatures vanquished.

Notes
Turn   | Place    | Note
-------+----------+-------------------------------------------
     0 | D:1      | vineage the Gargoyle Fighter began the quest for the Orb.
     0 | D:1      | Reached XP level 1. HP: 14/14 MP: 1/1
   385 | D:1      | Reached XP level 2. HP: 19/19 MP: 2/2
   792 | D:1      | Reached XP level 3. HP: 21/23 MP: 3/3
  1088 | D:2      | Reached skill level 4 in Shields
  1354 | D:2      | Reached XP level 4. HP: 28/28 MP: 4/4
  1666 | D:3      | Found a runed door.
  1670 | D:3      | Noticed Crazy Yiuf
  1678 | D:3      | Killed Crazy Yiuf
  1859 | D:3      | Noticed Ijyb
  1896 | D:3      | Killed Ijyb
  1896 | D:3      | Reached XP level 5. HP: 33/33 MP: 5/5
  2017 | D:3      | Noticed Jessica
  2024 | D:3      | Killed Jessica
  2172 | D:3      | Reached skill level 1 in Dodging
  2177 | D:3      | Reached skill level 5 in Shields
  2298 | D:4      | Reached XP level 6. HP: 38/38 MP: 6/6
  2380 | D:4      | Noticed Monsterracer's ghost (amateur BaTm)
  2415 | D:4      | Killed Monsterracer's ghost
  3112 | D:5      | Entered Level 5 of the Dungeon
  3115 | D:5      | Reached XP level 7. HP: 42/43 MP: 7/7
  3296 | D:5      | Reached skill level 6 in Shields
  4028 | D:6      | Found a staircase to the Ecumenical Temple.
  4062 | Temple   | Entered the Ecumenical Temple
  4077 | Temple   | Became a worshipper of Warmaster Okawaru
  4180 | D:6      | Reached skill level 5 in Maces & Flails
  4226 | D:6      | Reached XP level 8. HP: 41/48 MP: 8/8
  4233 | D:6      | Reached skill level 7 in Shields
  4247 | D:6      | Reached skill level 5 in Armour
  4676 | D:6      | Found a glowing golden altar of the Shining One.
  4820 | D:6      | Reached skill level 5 in Fighting
  4995 | D:7      | Reached * piety under Okawaru
  5211 | D:7      | Got a warped spear
  5212 | D:7      | Identified the cursed +1 spear "Xarit" {antimagic, rN++ MR- Int+3 SInv} (You found it on level 7 of the Dungeon)
  5238 | D:7      | Noticed a two-headed ogre
  5244 | D:7      | Slain by a two-headed ogre

Skill      XL: |  1  2  3  4  5  6  7  8 |
---------------+-------------------------+-----
Shields        | 4 5 6 7 |  7.7
Maces & Flails | 3 4 5 6 |  6.5
Armour         | 4 5 |  5.6
Dodging        | 1 |  1.8
Fighting       | 4 5 |  5.2
Stealth        | |  0.5

Action                   |  1- 3 |  4- 6 |  7- 9 || total
-------------------------+-------+-------+-------++-------
Melee: Flail             |   137 |   211 |   264 ||   612
       Mace              |       |       |    72 ||    72
       Spear             |       |       |     6 ||     6
  Use: Scroll            |       |     8 |     6 ||    14
       Potion            |       |     2 |       ||     2
  Eat: Chunk             |     2 |     4 |     9 ||    15
Armor: Scale mail        |   108 |    31 |       ||   139
       Plate armour      |       |   106 |   335 ||   441
       Chain mail        |       |       |    98 ||    98
Dodge: Dodged            |    63 |    42 |   141 ||   246
Block: Shield            |   118 |   100 |   304 ||   522
